Map: Frozen Temple

Players

Fropez

  • Race: Protoss Protoss
  • League: Gold
  • Spawn Location: 11:00

Joonho - Winner!

  • Race: Terran Terran
  • League: Platinum
  • Spawn Location: 5:00

VOD

Have the link to the VOD?

Description

Time

  • Played on: Nov. 8, 2016, 12:33 p.m.
  • Length: 13:31
Show
View Real Time Build Order
Export as new Build Order

Fropez Protoss 

Build Orders:  

Get SALT Encoding   

  12  0:02  Probe (Chrono Boost)  
  13  0:12  Probe (Chrono Boost)  
  14  0:18  Pylon  
  14  0:24  Probe (Chrono Boost)  
  15  0:37  Probe (Chrono Boost)  
  15  0:40  Assimilator  
  16  0:47  Probe (Chrono Boost)  
  16  0:48  Gateway  
  17  0:58  Probe (Chrono Boost)  
  17  1:04  Gateway  
  18  1:09  Probe (Chrono Boost)  
  19  1:19  Probe (Chrono Boost)  
  20  1:26  Assimilator  
  20  1:30  Probe (Chrono Boost)  
  21  1:39  Pylon  
  21  1:40  Probe (Chrono Boost)  
  21  1:45  Cybernetics Core  
  22  1:51  Probe (Chrono Boost)  
  22  2:01  Probe (Chrono Boost)  
  24  2:22  Mothership Core (Chrono Boost)  
  25  2:23  Adept x2  
  29  2:31  Twilight Council  
  29  2:38  Gateway  
  29  2:45  Probe (Chrono Boost)  
  30  2:59  Nexus  
  30  3:09  Resonating Glaives (Chrono Boost)  
  30  3:12  Probe  
  31  3:24  Pylon  
  31  3:42  Probe  
  31  3:45  Warp Gate (Chrono Boost)  
  32  3:50  Stalker x2  
  32  3:51  Stalker  
  32  3:54  Probe  
  39  3:57  Pylon  
  39  4:07  Probe  
  36  4:17  Probe  
  36  4:23  Probe  
  38  4:29  Probe, Stalker x3  
  45  4:40  Probe x2  
  45  4:44  Blink (Chrono Boost)  
  47  4:53  Probe  
  47  4:58  Probe  
  49  5:04  Pylon  
  49  5:08  Assimilator  
  49  5:11  Probe  
  49  5:13  Pylon  
  48  5:21  Probe  
  48  5:28  Probe  
  50  5:41  Gateway  
  50  5:43  Probe  
  50  5:44  Probe, Robotics Facility  
  52  5:53  Pylon  
  52  5:54  Probe  
  52  5:56  Probe  
  54  5:57  Adept x3  
  54  6:03  Assimilator  
  60  6:04  Probe  
  60  6:09  Probe  
  62  6:11  Pylon  
  62  6:16  Pylon  
  62  6:21  Adept x2  
  62  6:22  Adept  
  68  6:31  Observer (Chrono Boost)  
  69  6:36  Probe  
  70  6:43  Forge  
  70  6:48  Gateway  
  70  6:51  Pylon  
  70  6:53  Pylon  
  70  6:56  Stalker x2  
  70  6:57  Stalker x2  
  70  6:58  Nexus  
  78  7:04  Warp Prism  
  80  7:31  Probe  
  80  7:32  Stalker x4  
  80  7:33  Probe  
  90  7:39  Protoss Ground Weapons Level 1 (Chrono Boost)  
  90  7:42  Probe  
  91  7:49  Assimilator  
  91  7:51  Assimilator  
  91  7:53  Pylon  
  91  7:58  Photon Cannon  
  91  8:00  Probe  
  88  8:09  Photon Cannon  
  82  8:16  Photon Cannon  
  82  8:17  Adept x4  
  90  8:26  Immortal (Chrono Boost)  
  94  8:28  Photon Cannon  
  64  8:59  Adept x5  
  64  9:00  Immortal (Chrono Boost)  
  60  9:24  Probe x2  
  60  9:25  Probe  
  63  9:34  Probe, Protoss Ground Armor Level 1 (Chrono Boost)  
  63  9:37  Probe x2  
  63  9:38  Photon Cannon  
  66  9:41  Photon Cannon  
  66  9:52  Pylon  
  66  9:55  Probe  
  67  10:00  Photon Cannon  
  67  10:02  Pylon  
  67  10:03  Gateway  
  61  10:41  Probe  
  61  10:42  Probe  
  59  10:45  Gateway  
  59  10:50  Gateway  
  59  10:54  Probe  
  59  10:55  Probe  
  61  10:58  Dark Shrine  
  61  10:59  Adept x4  
  61  11:00  Adept  
  61  11:04  Immortal (Chrono Boost)  
  75  11:12  Protoss Ground Weapons Level 2  
  75  11:13  Probe  
  75  11:15  Probe  
  77  11:20  Gateway  
  77  11:26  Pylon  
  77  11:34  Charge (Chrono Boost), Immortal (Chrono Boost)  
  81  11:48  Probe x3  
  84  12:11  Adept x6  
  90  12:50  Zealot x5  
  90  12:51  Immortal, Zealot  
  106  12:59  Sentry  
  106  13:04  Probe x2  
  106  13:05  Probe  
  111  13:06  Gateway  
  111  13:17  Dark Templar x4  
  111  13:18  Dark Templar x2  
Show
View Real Time Build Order
Export as new Build Order

Joonho Terran - Winner!

Build Orders: MMM Bio 

Get SALT Encoding   

  12  0:01  SCV  
  13  0:13  SCV  
  14  0:21  Supply Depot  
  14  0:25  SCV  
  15  0:43  SCV  
  15  0:44  Barracks  
  16  0:55  SCV  
  17  0:59  Supply Depot  
  17  1:04  Refinery  
  17  1:07  SCV  
  18  1:19  SCV  
  19  1:31  Marine, SCV  
  21  1:45  Orbital Command  
  21  1:50  Barracks  
  21  1:58  Reaper  
  22  2:17  Command Center  
  22  2:28  SCV  
  23  2:30  Marine  
  23  2:33  Barracks  
  24  2:38  Marine  
  24  2:41  SCV  
  26  2:53  SCV  
  26  2:54  Marine  
  28  3:02  Supply Depot x2  
  27  3:07  Barracks Tech Lab  
  27  3:19  Bunker  
  27  3:24  SCV, Engineering Bay  
  28  3:27  Refinery  
  28  3:31  Barracks Tech Lab  
  28  3:37  Barracks Reactor  
  28  3:39  Marine  
  29  3:50  Marine  
  30  3:57  Marine, Factory  
  31  4:19  SCV  
  31  4:21  Marauder  
  34  4:24  Stimpack  
  34  4:25  Marine x2, Marauder  
  38  4:33  Orbital Command  
  38  4:39  Engineering Bay  
  38  4:41  Factory Reactor  
  38  4:42  Starport  
  38  4:50  SCV  
  39  4:57  Missile Turret  
  39  4:58  Marauder  
  41  5:02  Marine  
  41  5:05  SCV  
  43  5:08  SCV  
  44  5:14  Missile Turret  
  44  5:21  Marauder  
  46  5:24  Concussive Shells  
  46  5:30  SCV  
  46  5:32  SCV  
  48  5:35  Supply Depot  
  48  5:40  Terran Infantry Armor Level 1, Missile Turret  
  48  5:44  Medivac  
  48  5:48  SCV x2  
  52  6:01  Medivac  
  52  6:02  SCV x2  
  56  6:04  Supply Depot  
  56  6:09  Marine x2, Marauder x2  
  62  6:16  Combat Shields  
  62  6:34  Marine x2, SCV x2  
  62  6:35  Marine x2  
  68  6:40  Widow Mine, Command Center  
  70  6:50  Refinery  
  70  6:51  SCV x2  
  70  6:52  Refinery  
  70  6:53  Missile Turret  
  71  6:56  Marine, Marauder  
  71  6:58  Marine  
  71  7:01  Marauder  
  77  7:44  Supply Depot  
  77  7:45  Supply Depot x2  
  77  7:47  Terran Infantry Weapons Level 1  
  77  7:48  Hi-Sec Auto Tracking  
  77  7:50  Marine  
  78  7:51  Widow Mine  
  78  7:52  Marine x3, Medivac x2  
  84  8:08  Marine  
  84  8:09  Marine x3  
  86  8:20  Widow Mine  
  82  8:56  Marine x2, Marauder x2  
  82  8:57  SCV x2  
  90  9:09  SCV  
  80  9:18  SCV  
  80  9:21  SCV  
  72  9:31  SCV  
  73  9:33  SCV  
  74  9:43  SCV  
  76  9:45  SCV  
  76  9:54  Supply Depot, Missile Turret  
  76  9:56  Supply Depot  
  76  9:59  Widow Mine  
  76  10:05  Marine x2, Marauder x2  
  84  10:12  Barracks x2  
  84  10:14  SCV, Barracks  
  84  10:15  SCV  
  86  10:26  Missile Turret  
  86  10:28  Widow Mine  
  88  10:47  Missile Turret  
  88  10:52  Missile Turret  
  88  10:53  SCV x2, Missile Turret  
  88  10:56  Planetary Fortress  
  90  11:00  Marine x2, Marauder  
  90  11:01  Marauder  
  96  11:05  SCV  
  96  11:08  Medivac  
  96  11:09  Medivac  
  101  11:19  SCV  
  101  11:20  SCV  
  101  11:21  Refinery  
  101  11:23  Refinery  
  101  11:24  Supply Depot  
  103  11:28  Supply Depot  
  103  11:30  Supply Depot  
  103  11:35  Marine x2, Marauder, Barracks Tech Lab  
  103  11:36  Barracks Reactor, Marauder, Barracks Tech Lab  
  103  11:38  Medivac x2  
  113  11:42  Sensor Tower  
  113  11:49  Sensor Tower  
  113  11:52  Marine, Liberator x2  
  113  11:53  Marine  
  115  11:55  Armory  
  115  11:57  Marauder x2  
  115  11:58  Supply Depot  
  115  12:00  Supply Depot  
  115  12:01  Supply Depot  
  119  12:03  Marine x2  
  121  12:13  Marine  
  121  12:14  Marine x3  
  131  12:18  Marauder x2  
  131  12:20  Marine  
  131  12:21  Marine  
  137  12:31  Marine x2  
  138  12:38  SCV x2  
  138  12:42  Marine x3  
  138  12:43  Marine, Marauder x2  
  148  12:52  Medivac x2  
  148  12:57  SCV x2  
  154  13:01  Marauder x2  
  154  13:05  Marine x2  
  160  13:06  Marine x2, Marauder x2  
Tags
 
Composition
MMM Bio
Matchup
PvT
Replay Pack
All Mines
Spawn Locations
Cross Positions
Add a new tag
Caveats
  • Supply blocks, unpowered buildings, or Contaminate may cause inaccurate times.
  • Supply counts are checked every 10 seconds.